 Dungeon Crawl Stone Soup version 0.29.1-2-gbd0b4ee654 (webtiles) character file.

Game seed: 11527153068349046917

763 zermelo the Cleaver (level 7, 0/114 (130) HPs)
             Began as a Minotaur Berserker on Nov 13, 2022.
             Was a Priest of Trog.
             Slain by a wight
             ... wielding a +3 short sword of freezing
              (1 damage)
             ... on level 5 of the Dungeon.
             The game lasted 00:22:51 (3995 turns).

zermelo the Cleaver (Minotaur Berserker)            Turns: 3995, Time: 00:22:52

HP:   0/114 (130)   AC: 23    Str: 24    XL:     7   Next: 51%
MP:   6/6           EV:  2    Int:  4    God:    Trog [***...]
Gold: 129           SH:  0    Dex:  9    Spells: 6/6 levels left

rFire   . . .      SeeInvis +   u - +0 war axe
rCold   . . .      Faith    .   (no shield)
rNeg    . . .      Spirit   .   (body armour currently unavailable)
rPois   +          Reflect  .   (helmet currently unavailable)
rElec   .          Harm     .   (cloak currently unavailable)
rCorr   +          Rampage  .   (gloves currently unavailable)
Will    .....      NoTele   +   (boots currently unavailable)
Stlth   ..........              i - amulet of regeneration
HPRegen 1.09/turn               p - ring of resist corrosion
MPRegen 0.10/turn               x - ring of see invisible

@: berserking, tree-form, heavily drained, very quick
A: stationary, stasis, torment immunity, boosted hp, (horns 2), (retaliatory
headbutt)
a: Renounce Religion, Berserk, Trog's Hand


You were on level 5 of the Dungeon.
You worshipped Trog.
Trog was most pleased with you.
You were a tree.
You visited 2 branches of the dungeon, and saw 6 of its levels.

You collected 201 gold pieces.
You spent 72 gold pieces at shops.

Inventory:

Hand Weapons
 a - a +0 hand axe
 u - a +0 war axe (weapon)
 y - a +0 sling
Missiles
 r - 10 poisoned darts (quivered)
 t - 6 curare-tipped darts
 z - 25 stones
Armour
 b - a +0 animal skin
 l - a +0 ring mail
 m - a +0 cloak (melded)
 o - a +0 chain mail (melded)
Jewellery
 i - an amulet of regeneration (around neck)
 p - a ring of resist corrosion (left branch)
 x - a ring of see invisible (right branch)
Scrolls
 e - a scroll of immolation
 g - a scroll of poison
 j - a scroll of torment
 k - a scroll of silence
 n - a scroll of amnesia
 s - a scroll of magic mapping
 v - a scroll of fear
 C - a scroll of butterflies
Potions
 c - 2 potions of lignification
 d - 2 potions of mutation {unknown}
 f - 3 potions of heal wounds {unknown}
 h - a potion of resistance {unknown}
 q - a potion of haste {unknown}
 w - a potion of might {unknown}
 A - 2 potions of curing {unknown}
 B - a potion of attraction {unknown}
 D - a potion of brilliance {unknown}


   Skills:
 - Level 3.6 Fighting
 + Level 10.6 Axes
 - Level 2.4 Armour
 - Level 2.2 Dodging


You had 6 spell levels left.
You didn't know any spells.
Your spell library was empty.

Dungeon Overview and Level Annotations

Branches:
Dungeon (5/15)             Temple (1/1) D:4

Altars:
Ashenzari
Cheibriados
Dithmenos
Elyvilon
Fedhas
Gozag
Hepliaklqana
Kikubaaqudgha
Makhleb
Okawaru
Qazlal
Ru
Sif Muna
Trog
Uskayaw
Vehumet
Wu Jian
Xom
Yredelemnul
Zin
The Shining One

Shops:
D:1 *


Innate Abilities, Weirdness & Mutations

You are a tree.
Your roots penetrate the ground, keeping you stationary.
You cannot be teleported.
You are immune to unholy pain and torment.
Your maximum health is greatly increased.
Your equipment is partially melded.
((You have a pair of horns on your head.))
((You reflexively headbutt those who attack you in melee.))


Message History

Found a stone staircase leading up.
The wight closely misses you.
You barely miss the wight. Your headbutt misses the wight.
The wight hits you but does no damage. The wight hits you with a +1 dagger.
You feel drained.
You hit the wight.
The wight is lightly damaged.
The wight hits you from afar with a +3 halberd of freezing!
You feel drained. The wight freezes you. The wight hits you with a +1 dagger!
You feel drained.
You are too injured to fight recklessly!
You hit the wight but do no damage.
The wight is lightly damaged.
You hit the wight but do no damage. Your headbutt misses the wight.
The wight is lightly damaged.
The wight closely misses you. The wight hits you but does no damage.
You closely miss the wight. Your headbutt misses the wight.
The wight is lightly damaged.
You hit the wight.
The wight hits you but does no damage. x2
The wight hits you from afar with a +3 halberd of freezing!
The wight freezes you.
* * * LOW HITPOINT WARNING * * *
You hit the wight.
The wight is heavily damaged.
You slash the wight! The wight hits you but does no damage.
The wight hits you from afar with a +3 halberd of freezing!
* * * LOW HITPOINT WARNING * * *
You feel drained. The wight freezes you.
* * * LOW HITPOINT WARNING * * *
The wight hits you but does no damage.
It was a potion of lignification.
You turn into a tree.
Your +0 cloak melds into your body.
Your +0 chain mail melds into your body.
Your roots penetrate the ground.
The wight hits you but does no damage. x3
A red film seems to cover your vision as you go berserk!
You feel yourself moving faster!
You feel mighty!
The wight hits you with a +3 short sword of freezing.
* * * LOW HITPOINT WARNING * * *
The wight freezes you.
You die...

#..............###...
#.....#####....###..#
#.... ###....# ...#
#... ##...#..##...#
#.. ..............###
#. ...#............#
# ##...####.$#.##.#
#..#####....##.
#.....z♣......#
.......z....#....
.##...z.....####.
#.........#
#.........#
#.).......#
#........<#
#######.#..


You could see 3 wights.

Vanquished Creatures
  A necrophage (D:5)
  3 scorpions
  2 wights (D:5)
  2 vampire bats (D:3)
  An orc priest (D:3)
  An iguana (D:5)
  2 orc wizards (D:3)
  5 gnolls
  9 adders
  2 ufetubi
  3 worms
  2 dart slugs
  7 orcs
  6 endoplasms
  4 giant cockroaches
  4 goblins
  9 hobgoblins
  6 jackals
  7 kobolds
  4 quokkas
  7 ball pythons
  4 bats (D:3)
  A frilled lizard (D:1)
  8 rats
100 creatures vanquished.

Vanquished Creatures (others)
  2 fungi (D:2)
  5 plants (D:2)
7 creatures vanquished.

Grand Total: 107 creatures vanquished

Notes
Turn   | Place    | Note
-------+----------+-------------------------------------------
     0 | D:1      | zermelo the Minotaur Berserker began the quest for the Orb.
     0 | D:1      | Reached XP level 1. HP: 19/19 MP: 0/0
   149 | D:1      | Reached skill level 4 in Axes
   286 | D:1      | Reached XP level 2. HP: 24/27 MP: 1/1
   527 | D:1      | Reached skill level 5 in Axes
   527 | D:1      | Reached XP level 3. HP: 16/33 MP: 2/2
   795 | D:1      | Found Amyircha's General Store.
   799 | D:1      | Bought a scroll of identify for 24 gold pieces
  1338 | D:2      | Reached skill level 6 in Axes
  1338 | D:2      | Reached XP level 4. HP: 40/40 MP: 3/3
  1908 | D:2      | Found a faded altar of an unknown god.
  2420 | D:1      | Bought a scroll of identify for 24 gold pieces
  2420 | D:1      | Bought a scroll of identify for 24 gold pieces
  2493 | D:3      | Reached ** piety under Trog
  2708 | D:3      | Reached XP level 5. HP: 42/46 MP: 4/4
  2710 | D:3      | Reached skill level 7 in Axes
  2836 | D:3      | You fall into a shaft and drop 1 floor!
  2867 | D:4      | Reached skill level 8 in Axes
  2871 | D:4      | Reached XP level 6. HP: 47/52 MP: 5/5
  2906 | D:4      | Found a staircase to the Ecumenical Temple.
  2925 | Temple   | Entered the Ecumenical Temple
  3103 | D:4      | Reached *** piety under Trog
  3219 | D:4      | Reached skill level 9 in Axes
  3828 | D:5      | Entered Level 5 of the Dungeon
  3833 | D:5      | Reached XP level 7. HP: 58/58 MP: 6/6
  3919 | D:5      | Reached skill level 10 in Axes
  3993 | D:5      | HP: 1/51 [wight/+3 halberd of freezing (4)]
  3995 | D:5      | Slain by a wight

Illustrated notes

Levels and vault maps discovered:
D:1:      nzn_arrival_crosshair, layout_basic, serial_shops, shop_statue,
          minmay_strange_pillars
D:2:      layout_loops_corners, shapermc_ecumenical_altar_mp_ritualfount
D:3:      layout_basic, roderic_batcave
D:4:      layout_basic, minmay_temple_entry_statues_fountains
D:5:      dreamdust_elfheim, layout_rooms
Temple:   grunt_wide_crystal_templ

Skill      XL: |  1  2  3  4  5  6  7 |
---------------+----------------------+-----
Axes           | 4 5 6 8 9 10 | 10.6
Fighting       | |  3.6
Armour         | |  2.4
Dodging        | |  2.2

Action                   |  1- 3 |  4- 6 |  7- 9 || total
-------------------------+-------+-------+-------++-------
Melee: Hand axe          |    49 |    19 |       ||    68
       Headbutt          |     5 |    16 |     5 ||    26
       War axe           |       |   111 |    26 ||   137
Throw: Dart              |       |     7 |       ||     7
Invok: Berserk           |     1 |       |     1 ||     2
  Use: Scroll            |     2 |     6 |       ||     8
       Potion            |       |       |     1 ||     1
 Stab: Sleeping          |     1 |       |       ||     1
Armor: Animal skin       |     4 |       |       ||     4
       Ring mail         |     1 |       |       ||     1
       Chain mail        |       |    85 |    12 ||    97
       Skin              |       |       |     3 ||     3
Dodge: Dodged            |    24 |    50 |     7 ||    81
